Unix NetHack Version 5.0.0-0 post-release - last build Jul 14 2026 02:55:29 (1809b74e8187c3a3585e283601c3028b46cbbdcb,branch:main).

Game began 2026-07-18 23:14:15, ended 2026-07-18 23:30:07.

FoolishJester, chaotic male elven Wizard

    -------                                           #
     [[[[[              ------        ---------     --.---------
      [[[               |....-###     |..>....|     |........`.|
      [[[              #.....|        |.......|     |..........|
       .               #|.{...#       ........|     |..........|
       @              ##------#      #-------.-    #...........|
       @########      #       #      ##      #     #|..........|
               #      #       #       #      #     #-------.----
               #      #       #        #     #     #       ###
               ###### #       #        ##    #     #         #
                    # #       #         #    #     #         ####
          ----------.-#       #         #    #    ##  ----------.--
          |..........|#       #         #    #    #   |......<....|
          |...........#      ##         #   -.----#   |...........|
          |..........|       #----------#   |....|#   |...........|
          ------------       #..)......-#   |....-#   -------------
                              |.....>..|    |{...|
                              |........|    |....|
                              ----------    ------

FoolishJester the Conjurer  St:11 Dx:10 Co:13 In:20 Wi:12 Ch:9  Chaotic
Dlvl:3  $:0  HP:0(23) Pw:36(43) AC:9  Xp:4 T:637 

Latest messages:
 You see here a cream pie.
 x - a cream pie.
 What do you want to eat? [ux or ?*] <esc>
 Never mind.
 Your leg feels better.
 You see here 10 crossbow bolts.
 You hit the shrieker!
 You miss the shrieker.
 You miss the shrieker.
 You hit the shrieker!
 You miss the shrieker.
 In what direction?
 The magical energy is released!
 You hit the shrieker.
 You kill the shrieker!
 Welcome to experience level 4.
 You feel awake!
 You see here a scroll labeled ZLORFIK.
 y - a scroll labeled ZLORFIK.
 You don't find anything here to loot.
 The door resists!
 The door resists!
 The door resists!
 The door opens.
 In what direction?
 As you kick the door, it crashes open!
 You find a hidden passage.
 The door resists!
 In what direction?
 Whammm!!
 In what direction?
 Whammm!!
 In what direction?
 As you kick the door, it crashes open!
 The door resists!
 In what direction?
 As you kick the door, it crashes open!
 Akhalataki appears next to you!
 "How dare you break my door?"
 Akhalataki zaps a wand of striking!
 Boing!
 Akhalataki hits!
 Akhalataki hits again!
 You die...
 Akhalataki takes all your possessions.
 Do you want to see what you had when you died? y
 Do you want to see your attributes? y
 Do you want an account of creatures vanquished? y
 Do you want to see your conduct and achievements? y
 Do you want to see the dungeon overview? y

Inventory:
 Weapons  (')')
  a - a blessed +1 quarterstaff (weapon in hands)
 Armor    ('[')
  r - an uncursed +0 dwarvish roundshield
  b - an uncursed +0 cloak of magic resistance (being worn)
 Comestibles  ('%')
  x - an uncursed cream pie
  u - an uncursed food ration
 Scrolls  ('?')
  y - an uncursed scroll of amnesia
  j - an uncursed scroll of earth
  k - an uncursed scroll of gold detection
  p - an uncursed scroll of stinking cloud
  i - an uncursed scroll of teleportation
 Spellbooks  ('+')
  m - an uncursed spellbook of confuse monster
  l - a blessed spellbook of force bolt
 Potions  ('!')
  g - an uncursed potion of booze
  s - an uncursed potion of confusion
  v - an uncursed potion of gain energy
  w - an uncursed potion of gain level
  h - an uncursed potion of see invisible
  f - an uncursed potion of water
 Rings    ('=')
  d - an uncursed ring of cold resistance
  e - an uncursed ring of protection from shape changers
  t - a cursed ring of protection from shape changers (on left hand)
 Wands    ('/')
  c - a wand of enlightenment (0:13)
 Tools    ('(')
  o - an uncursed wooden harp
  n - a magic marker (0:21)
 Gems/Stones  ('*')
  q - 2 uncursed worthless pieces of white glass

FoolishJester the Wizard's attributes:

Background:
 You were a Conjurer, a level 4 male elven Wizard.
 You were chaotic, on a mission for Anhur
 who was opposed by Ptah (lawful) and Thoth (neutral).
 You were left-handed.
 You were in the Dungeons of Doom, on level 3.
 You entered the dungeon 637 turns ago.
 It was nighttime.
 You had 84 experience points, 76 more were needed to attain level 5.

Basics:
 You had 0 out of 23 hit points.
 You had 36 out of 43 energy points (spell power).
 Your armor class was 9.
 Your wallet was empty.
 Autopickup was off.

Final Characteristics:
 Your strength was 11 (limit:18).
 Your dexterity was 10 (limit:18).
 Your constitution was 13 (limit:16).
 Your intelligence was 20 (limit:20).
 Your wisdom was 12 (limit:20).
 Your charisma was 9 (limit:18).

Final Status:
 You weren't hungry.
 You were unencumbered.
 You were wielding a quarterstaff.
 You had basic skill with quarterstaff.

Final Attributes:
 You were fervently aligned.
 You were magic-protected.
 You were sleep resistant.
 You had infravision.
 You were warded.
 You were protected from shape changers.
 You are dead.

Miscellaneous:
 You didn't encounter any bones levels.
 Total elapsed playing time was 15 minutes and 37 seconds.

Major events:
 Turn
    1: FoolishJester the chaotic male elven Wizard entered the dungeon
  452: entered the Gnomish Mines
  459: attained the rank of Conjurer (level 3)
  637: killed by Mr. Akhalataki; the shopkeeper

Spells:
 Name                 Level Category     Fail Retention
 force bolt             1   attack         0%  91%-100%
 confuse monster        1   enchantment    0%  91%-100%

Skills:
 Fighting Skills
   bare handed combat [Unskilled]
   riding             [Unskilled]
 Weapon Skills
   dagger             [Unskilled]
   knife              [Unskilled]
   axe                [Unskilled]
   short sword        [Unskilled]
   club               [Unskilled]
   mace               [Unskilled]
   quarterstaff       [Basic]
   polearms           [Unskilled]
   spear              [Unskilled]
   trident            [Unskilled]
   sling              [Unskilled]
   dart               [Unskilled]
   shuriken           [Unskilled]
 Spellcasting Skills
   attack spells      [Basic]
   healing spells     [Unskilled]
   divination spells  [Unskilled]
   enchantment spells [Basic]
   clerical spells    [Unskilled]
   escape spells      [Unskilled]
   matter spells      [Unskilled]

Voluntary challenges:
 Character rerolling was not enabled.
 You went without food.
 You were an atheist.
 You never genocided any monsters.
 You never polymorphed an object.
 You never changed form.
 You used no wishes.
Achievements:
 You entered the Gnomish Mines.
 You attained the rank of Conjurer.

 The Dungeons of Doom: levels 1 to 3
    Level 1:
    Level 2:
       A sink.
    Level 3: <- You were here.
       Some fountains.
       Stairs down to The Gnomish Mines.
       Final resting place for
          you, killed by Mr. Akhalataki; the shopkeeper.
 The Gnomish Mines:
    Level 4:


Vanquished creatures:
  a shrieker
  a gnomish wizard
  a dwarf
  3 gnomes
  a gecko
  a kobold
  2 goblins
  a grid bug
  a lichen
  a kobold zombie
13 creatures vanquished.

No species were genocided or became extinct.

Game over:
                       ----------
                      /          \
                     /    REST    \
                    /      IN      \
                   /     PEACE      \
                  /                  \
                  |  FoolishJester   |
                  |       0 Au       |
                  |  killed by Mr.   |
                  | Akhalataki; the  |
                  |    shopkeeper    |
                  |                  |
                  |       2026       |
                 *|     *  *  *      | *
        _________)/\\_//(\/(/\)/\//\/|_)_______

Goodbye FoolishJester the Wizard...

You died in The Dungeons of Doom on dungeon level 3 with 486 points,
and 0 pieces of gold, after 637 moves.
You were level 4 with a maximum of 23 hit points when you died.

